 Dungeon Crawl Stone Soup version 0.17.2-1-ge4368a0 (webtiles) character file.

95 magog001 the Shield-Bearer (level 4, -5/31 HPs)
             Began as a Halfling Fighter on Oct 1, 2016.
             Killed by divine providence
             ... invoked by an orc priest
              (17 damage)
             ... on level 3 of the Dungeon.
             The game lasted 00:11:23 (1912 turns).

magog001 the Shield-Bearer (Halfling Fighter)       Turns: 1912, Time: 00:11:23

Health: -5/31      AC:  7    Str: 17    XL:     4   Next: 97%
Magic:  4/4        EV:  9    Int:  7    God:
Gold:   118        SH:  0    Dex: 13    Spells: 0 memorised, 3 levels left

rFire  . . .     SeeInvis .     a - +0 rapier
rCold  . . .     Clarity  .     b - +0 scale mail
rNeg   . . .     SustAt   .     c - +0 shield
rPois  .         Gourm    .     (no helmet)
rElec  .         Spirit   .     (no cloak)
rCorr  .         Warding  .     (no gloves)
rMut   .         Stasis   .     (no boots)
MR     .....                    (no amulet)
Stlth  ..........               (no ring)
                                (no ring)

@: confused, not resistant to hostile enchantments, extremely unstealthy
A: mutation resistance 1
a: no special abilities


You were on level 3 of the Dungeon.
You were hungry.

You visited 1 branch of the dungeon, and saw 3 of its levels.

You collected 118 gold pieces.

Inventory:

Hand Weapons
 a - a +0 rapier (weapon)
 n - a +0 hunting sling
Missiles
 f - 25 sling bullets
 h - 54 stones (quivered)
 k - 49 arrows
 r - 14 poisoned needles
Armour
 b - a +0 scale mail (worn)
 c - a +0 shield (worn)
 g - a +0 scale mail
 l - a +0 leather armour
 p - a +0 scale mail
 q - a +0 robe
Scrolls
 i - a scroll of enchant weapon {unknown}
 o - 2 scrolls of identify {unknown}
 t - a scroll of enchant armour {unknown}
 v - a scroll of immolation {unknown}
Potions
 d - 2 potions of might
 j - a potion of curing {unknown}
 w - a potion of brilliance {unknown}
Comestibles
 e - a bread ration
 m - a slice of pizza
 s - a meat ration


   Skills:
 * Level 3.2 Fighting
 * Level 3.2 Short Blades
 * Level 1.3 Slings
 * Level 3.7 Armour
 * Level 1.2 Dodging
 * Level 4.2 Shields


You had 3 spell levels left.
You didn't know any spells.

Dungeon Overview and Level Annotations

Branches:
Dungeon (3/15)

Altars:
Kikubaaqudgha
The Shining One


Innate Abilities, Weirdness & Mutations

You are small and have problems with some larger weapons.
You are somewhat resistant to further mutation.


Message History

You hit the orc but do no damage. You block the orc's attack.
You hit the orc.
The orc is lightly wounded.
You closely miss something.
You are feeling hungry.
Something hits you but does no damage.
You closely miss something. Something hits you but does no damage.
You closely miss something. Something hits you but does no damage.
You closely miss something. Something hits you but does no damage.
You closely miss something. Something hits you but does no damage.
You hear some strange, mumbled words.
You are confused.
You bump into the rock wall.
You hear some strange, mumbled words.
Something tries to affect you, but you resist.
You closely miss something.
The orc priest calls down the wrath of Beogh upon you.
Something smites you!
Ouch! That really hurt!
You die...

+......#.......
##...#..........
#..?........+
.#.........#
#.###.........#
#.......##....#
######..##....#
#..<#.o#####.#
#.#.#.o{@....# #
###.######## ...
###. .. #. #.


You could see an orc priest and an orc.

Vanquished Creatures
  3 adders (D:2)
  An ooze (D:1)
  A worm (D:2)
  4 giant geckos
  An orc (D:3)
  A ball python (D:2)
  7 bats
  6 goblins
  14 hobgoblins
  2 giant cockroaches (D:2)
  3 giant newts
  8 kobolds
  7 rats
58 creatures vanquished.

Notes
Turn   | Place    | Note
--------------------------------------------------------------
     0 | D:1      | magog001 the Halfling Fighter began the quest for the Orb.
     0 | D:1      | Reached XP level 1. HP: 15/15 MP: 1/1
    68 | D:1      | Reached XP level 2. HP: 20/20 MP: 2/2
   298 | D:1      | Reached XP level 3. HP: 21/26 MP: 3/3
   672 | D:2      | Found an ancient bone altar of Kikubaaqudgha.
   722 | D:2      | Reached skill level 4 in Shields
   808 | D:2      | Reached XP level 4. HP: 31/31 MP: 4/4
   851 | D:2      | Reached skill level 1 in Slings
   997 | D:2      | Reached skill level 1 in Dodging
  1154 | D:2      | Found a glowing golden altar of the Shining One.
  1912 | D:3      | Killed from afar by an orc priest

Action                   |  1- 3 |  4- 6 || total
-------------------------+-------+-------++-------
Melee: Rapier            |    99 |   102 ||   201
 Fire: Hunting sling     |    13 |       ||    13
  Eat: Chunk             |       |     3 ||     3
